[Event "*** Titled Tuesday Blitz"]
[Site "Chess.com"]
[Date "2019.02.05"]
[Round "2"]
[White "SerkanSoysal"]
[Black "eljanov"]
[Result "0-1"]
[WhiteElo "2560"]
[BlackElo "2816"]
[TimeControl "180+2"]
[EndTime "13:23:22 PST"]
[Termination "eljanov won by resignation"]

1. Nf3 d5 2. d4 Nf6 3. Bf4 c5 4. c3 Qb6 5. Qb3 Nc6 6. e3 c4 7. Qxb6 axb6 8. Na3 Bf5 9. Nb5 Ra5 10. a4 Bc2 11. Nc7+ Kd7 12. Ng5 Nd8 13. Kd2 Bxa4 14. b4 Ra7 15. Nb5 Ra6 16. Nc7 b5 17. Nxa6 bxa6 18. f3 Nh5 19. Nh3 Nc6 20. Be2 e6 21. Bd1 Bxd1 22. Rhxd1 a5 23. bxa5 Nxf4 24. Nxf4 Bd6 25.
g3 b4 26. cxb4 Bxb4+ 27. Ke2 Nxa5 28. Rdb1 Nc6 29. Ra6 Rb8 30. Nh5 g6 31. Nf6+ Kc7 32.
h4 h6 33. Ng4 h5 34. Ne5 Nxe5 35. dxe5 Rb7 36. f4 Bc5 37. Rxb7+ Kxb7 38. Ra2 Bb6 39. Kf3 Bc5 40. g4 hxg4+ 41. Kxg4 Kc6 42. Kg5 Bxe3 43. Re2 d4 44. Kf6 Kd5 45. Kxf7 Bxf4 46.
Kxg6 d3 47. Re1 d2 48. Rf1 Bxe5 49. h5 c3 50. h6 c2 0-1

[Event "*** Titled Tuesday Blitz"]
[Site "Chess.com"]
[Date "2019.02.05"]
[Round "2"]
[White "GM_dmitrij"]
[Black "Angry_Serb"]
[Result "1-0"]
[WhiteElo "2773"]
[BlackElo "2546"]
[TimeControl "180+2"]
[EndTime "13:23:23 PST"]
[Termination "GM_dmitrij won by resignation"]

1. e4 e5 2. Nf3 Nc6 3. Bb5 a6 4. Ba4 Nf6 5. O-O b5 6. Bb3 Bc5 7. a4 Rb8 8. axb5 axb5 9. Nxe5 Nxe5 10. d4 Bxd4 11. Qxd4 d6 12. Bf4 Nc6 13. Qd3 O-O 14.
Nc3 Nb4 15. Qd4 Nc6 16. Qd3 Ne5 17. Qe2 b4 18. Nd5 Nxd5 19. Bxd5 Bb7 20. Bxe5 dxe5 21. Bxb7 Rxb7 22. Qc4 Qd4 23. Qxd4 exd4 24. Ra5 b3 25. Rc1 bxc2 26. Rxc2 d3 27. Rd2 g6 28. f3 Rfb8 29. Ra2 c5 30. Kf2 c4 31. Ke3 Rd8 32.
Ra4 Rxb2 33. Rxb2 c3 34. Rd2 cxd2 35. Kxd2 Rb8 36. Ra2 Rb3 37. Ke3 h5 38. Rd2 Kg7 39.
Rxd3 Rb2 40. Rd2 Rb1 41. Kf4 Rh1 42. Kg3 Rb1 43. Rd7 Rb5 44. h3 Rb2 45. h4 Re2 46.
Rd1 Kf6 47. Rd5 Ke6 48. Rg5 Kf6 49. Kf4 Ke6 50. g3 Kf6 51. Rb5 Re1 52. Rb6+ Kg7 53. Rb7 Kf6 54. Ra7 Re2 55. e5+ Rxe5 56. Rxf7+ Kxf7 57. Kxe5 Ke7 58. f4 Kf7 59. f5 Kg7 60. fxg6 Kxg6 61.
Ke6 1-0

[Event "*** Titled Tuesday Blitz"]
[Site "Chess.com"]
[Date "2019.02.05"]
[Round "2"]
[White "wanyaland"]
[Black "politeplayer"]
[Result "1-0"]
[WhiteElo "2072"]
[BlackElo "2014"]
[TimeControl "180+2"]
[EndTime "13:23:23 PST"]
[Termination "wanyaland won by resignation"]

1. d4 d5 2. c4 e6 3. Nc3 c5 4. cxd5 cxd4 5. Qxd4 Nc6 6. Qd1 exd5 7. Nxd5 Qa5+ 8.
Nc3 Bf5 9. Bd2 O-O-O 10. Nf3 Nf6 11. e3 Nb4 12. Rc1 Nd3+ 13. Bxd3 Bxd3 14. Qb3 Kb8 15.
Qxf7 Bd6 16. Nd4 Qg5 17. g3 Rhf8 18. Qb3 Ka8 19. Ncb5 Bxb5 20. Qxb5 Qg6 21. O-O Ne4 22. Ba5 Rde8 23. Bc7 Re5 24. Qa4 Rh5 25. Bxd6 Nxd6 26. Qd7 Qh6 27. h4 g5 28. Ne6 gxh4 29. Nxf8 Qxf8 30.
g4 Rg5 31. f4 Rg7 32. Qe6 Rg6 33. Qd5 Rxg4+ 34. Kh2 h3 35. Rg1 Rg2+ 36. Rxg2 hxg2 37. Kxg2 Nf5 38. Kf2 a6 39. Rc7 Nd6 40. Rd7 Qh8 41. Qxd6 Qxb2+ 42. Qd2 Qb5 43. Rd8+ Ka7 44. Qd4+ 1-0

[Event "*** Titled Tuesday Blitz"]
[Site "Chess.com"]
[Date "2019.02.05"]
[Round "2"]
[White "gmcorrales"]
[Black "DanielMieles1985"]
[Result "1-0"]
[WhiteElo "2732"]
[BlackElo "2639"]
[TimeControl "180+2"]
[EndTime "13:23:26 PST"]
[Termination "gmcorrales won by resignation"]

1. e4 e5 2. Nf3 Nc6 3. d4 exd4 4. Nxd4 Bc5 5. Nb3 Bb6 6. Nc3 Nge7 7. Qe2 O-O 8. Be3 f5 9. O-O-O fxe4 10. Bxb6 axb6 11. Qxe4 d6 12. f4 Bf5 13. Qc4+ Kh8 14. g3 Na5 15. Nxa5 Rxa5 16. Bd3 d5 17. Qb3 c6 18.
Rhe1 Bxd3 19. Rxd3 Nf5 20. Rd2 Nd6 21. Rde2 Ra8 22.
a3 Nc4 23. Nd1 Qd6 24. Re6 Qc5 25. Qc3 d4 26. Qd3 Nxa3 27. R1e5 Qc4 28. bxa3 Qxd3 29.
cxd3 Rxa3 30. Re8 Kg8 31. Kc2 c5 32. R5e7 Rxe8 33. Rxe8+ Kf7 34. Rb8 Ra7 35. Rc8 Ke6 36. Rc7 Kd5 37. Nb2 b5 38. Rd7+ Kc6 39. Rxg7 Ra3 40.
f5 Ra1 41. Rxh7 Rf1 42. g4 Rf2+ 43. Kb3 Rf3 44. Ka2 Rf2 45. Rh8 c4 46. dxc4 bxc4 47. Rc8+ Kd5 48. Rxc4 d3 49. Rc8 d2 50. Rd8+ Ke5 51.
h4 Kf4 52. Nd3+ Kxg4 53. Nxf2+ 1-0

[Event "*** Titled Tuesday Blitz"]
[Site "Chess.com"]
[Date "2019.02.05"]
[Round "2"]
[White "Lion_DL"]
[Black "KRASAVCHIK2002"]
[Result "1/2-1/2"]
[WhiteElo "2403"]
[BlackElo "2258"]
[TimeControl "180+2"]
[EndTime "13:23:26 PST"]
[Termination "Game drawn - insufficient material"]

1. e4 c5 2. Nf3 d6 3. Bb5+ Bd7 4.
Bxd7+ Qxd7 5. O-O Nf6 6. e5 dxe5 7. Nxe5 Qc7 8. d4 cxd4 9. Bf4 Qb6 10. Na3 e6 11.
Nac4 Qc5 12. a3 Be7 13. b4 Qc8 14. Qxd4 Nc6 15. Nxc6 Qxc6 16. Nd6+ Bxd6 17. Qxd6 Qxd6 18. Bxd6 Rc8 19. Rac1 Ne4 20. Be5 O-O 21. c4 Rfd8 22. Rfd1 Rxd1+ 23. Rxd1 f6 24. Bf4 Rxc4 25. Rd8+ Kf7 26.
Rd7+ Kg6 27. Rxb7 a5 28. g3 axb4 29. Rxb4 Rxb4 30. axb4 Nc3 31. Kf1 Kf5 32. Bd2 Nb5 33. Ke2 Ke4 34. Be3 e5 35. f3+ Kd5 36. Kd3 f5 37.
Bc5 g5 38. g4 e4+ 39. fxe4+ fxe4+ 40. Ke3 Na3 41. Be7 Nc4+ 42. Ke2 Ne5 43. h3 h6 44. Bf8 Nf3 45. Ke3 Ng1 46. Bxh6 Nxh3 47. b5 Kc5 48. Kxe4 Kxb5 49. Kf3 Kc6 50. Kg3 Nf4 51. Bxg5 Ng6 52. Kf3 Kd5 53. Bc1 Ne5+ 54. Kf4 Nxg4 55. Kxg4 1/2-1/2

[Event "*** Titled Tuesday Blitz"]
[Site "Chess.com"]
[Date "2019.02.05"]
[Round "2"]
[White "GianmarcoVaR"]
[Black "Sordis"]
[Result "1-0"]
[WhiteElo "2590"]
[BlackElo "2335"]
[TimeControl "180+2"]
[EndTime "13:23:30 PST"]
[Termination "GianmarcoVaR won by resignation"]

1. d4 Nf6 2. Nf3 g6 3. Bf4 Bg7 4.
Nbd2 O-O 5. h3 d6 6. c3 c5 7. e3 b6 8. Bd3 Bb7 9. O-O Nbd7 10. Bh2 a6 11. a4 Ra7 12. Qe2 Qa8 13. Rfe1 Ne4 14.
Nc4 Rc8 15. Ncd2 Ndf6 16. Nc4 Nd7 17. Ncd2 Ndf6 18. Rec1 Nxd2 19. Qxd2 Bxf3 20. gxf3 Qxf3 21. Bf1 Ne4 22. Qc2 Ng5 23. Bg3 Qf6 24. Qd1 h5 25. Bg2 Nh7 26. Qb3 cxd4 27. cxd4 Rb8 28. Rc6 Rab7 29. Rac1 Nf8 30. Rc8 Rxc8 31. Rxc8 Rd7 32. Qxb6 h4 33. Bh2 e5 34. Qc6 Re7 35. d5 Kh7 36. Qxa6 Nd7 37. a5 Nc5 38. Qc4 e4 39. b4 Qa1+ 40. Qf1 Qxf1+ 41. Bxf1 Nd3 42. Bxd6 Rd7 43.
Rc6 Bf8 44. Bxf8 Rxd5 45. a6 Rf5 46. Bxd3 exd3 47. Rd6 Kg8 48. Bh6 Rb5 49. a7 Rb8 50. axb8=Q+ 1-0

[Event "*** Titled Tuesday Blitz"]
[Site "Chess.com"]
[Date "2019.02.05"]
[Round "2"]
[White "x-3738459472"]
[Black "regular_legs"]
[Result "1/2-1/2"]
[WhiteElo "2500"]
[BlackElo "2483"]
[TimeControl "180+2"]
[EndTime "13:23:33 PST"]
[Termination "Game drawn by agreement"]

1. d4 Nf6 2. Bf4 d5 3. e3 e6 4. Bd3 Bd6 5. Bg3 O-O 6. Nf3 b6 7. Nbd2 c5 8. c3 Ba6 9. Bxa6 Nxa6 10. Ne5 Nb8 11. Bh4 Be7 12. O-O Nfd7 13. Bxe7 Qxe7 14. Nxd7 Nxd7 15. Nf3 Rfc8 16. Re1 cxd4 17. Nxd4 Nf6 18. a4 a6 19. Qb3 Qc5 20. Nf3 Rab8 21. Red1 Ne4 22.
Ne5 Qc7 23. Nd3 h6 24. Rac1 Nd6 25. Nb4 Qb7 26. Nc2 Nc4 27. Na3 Nd6 28. h3 b5 29.
axb5 axb5 30. Qb4 Nc4 31. Nc2 Ra8 32. Nd4 Rcb8 33. Ra1 Ne5 34. Nb3 Nc6 35. Qf4 Ra4 36. Qd6 Rd8 37. Qg3 Qb6 38. Rab1 Qb8 39. Qxb8 Rxb8 40.
Nc5 Ra2 41. e4 dxe4 42. Nxe4 b4 43. cxb4 Rxb4 44. Nc3 Raxb2 45. Rxb2 Rxb2 46. Rd6 Ne5 47. Rd8+ Kh7 48. Ne4 g6 49. Nf6+ Kg7 50. Ne8+ Kf8 51. Ra8 g5 52. Nd6+ Kg7 53. Ne4 Re2 54. f3 Ng6 55. Ng3 Rb2 56. Nh5+ Kh7 57. Nf6+ Kg7 58. Nh5+ Kh7 59. Nf6+ 1/2-1/2

[Event "*** Titled Tuesday Blitz"]
[Site "Chess.com"]
[Date "2019.02.05"]
[Round "2"]
[White "Bigfish1995"]
[Black "Incognito_Knight"]
[Result "0-1"]
[WhiteElo "2955"]
[BlackElo "2619"]
[TimeControl "180+2"]
[EndTime "13:23:36 PST"]
[Termination "Incognito_Knight won by resignation"]

1. d4 Nf6 2. Nf3 b6 3. g3 Bb7 4.
Bg2 g6 5. Nc3 d5 6. Bf4 Bg7 7. Qd2 Ne4 8. Qe3 Nd7 9. Nb5 O-O 10. Nd2 Nxd2 11. Qxd2 c6 12. Na3 e5 13. dxe5 Nxe5 14. c3 Re8 15. O-O Ba6 16. Rfe1 Qd7 17.
Rad1 Rad8 18. b3 Qe6 19. Nc2 h5 20. Nd4 Qc8 21. Bg5 Rd6 22. Nf3 Nxf3+ 23. Bxf3 Rde6 24.
h4 Qc7 25. e3 Qe5 26. Rc1 Qf5 27. Bf4 Bd3 28. Bg2 Be4 29. f3 Bd3 30. g4 hxg4 31. fxg4 Qxg4 32. Qxd3 Qxh4 33. c4 d4 34. Bh2 Rxe3 35.
Rxe3 Rxe3 36. Qf1 d3 37. Rd1 Bd4 38. Kh1 Be5 39. Qg1 d2 40. Rxd2 Re1 41. Bf1 Qe4+ 42. Rg2 Bxh2 43. Qf2 Be5 44. c5 Bd4 45. Qg3 Rxf1+ 46.
Kh2 Be5 0-1

[Event "*** Titled Tuesday Blitz"]
[Site "Chess.com"]
[Date "2019.02.05"]
[Round "2"]
[White "jefferyx"]
[Black "Federtiu"]
[Result "1-0"]
[WhiteElo "2874"]
[BlackElo "2631"]
[TimeControl "180+2"]
[EndTime "13:23:36 PST"]
[Termination "jefferyx won by resignation"]

1. d4 g6 2. e4 Bg7 3. Nf3 d6 4. Be2 Nd7 5. Nc3 a6 6. O-O b5 7.
a4 b4 8. Nd5 a5 9. c3 e6 10.
Ne3 Bb7 11. cxb4 axb4 12. Qc2 Ngf6 13. Bd3 O-O 14. Bd2 c5 15. Nc4 Qe7 16. Bf4 d5 17.
Bd6 Qd8 18. exd5 exd5 19. Ncd2 c4 20. Be2 b3 21. Nxb3 cxb3 22. Qxb3 Re8 23. Ne5 Ne4 24. Nxf7 Kxf7 25. Qxb7 Nxd6 26. Qxd5+ Re6 27. Bg4 Nf5 28. Bxf5 gxf5 29. Rfe1 Ra6 30. Rac1 Rd6 31. Qxf5+ Nf6 32. Re5 Rxe5 33. Qxe5 Rxd4 34. Qe2 Rd2 35. Qc4+ Qd5 36. Qc7+ Kg6 37. Qg3+ Qg5 38. Qc7 Rxb2 39. a5 Ra2 40. h4 Qxa5 41. Qg3+ Kh6 42. Qf4+ Kg6 43. Qg3+ Kh6 44. Qf4+ Kh5 45. Rc7 Ra1+ 46. Kh2 Qe5 47. Qxe5+ Kxh4 48. Qg3+ Kh5 49. Rc5+ 1-0

[Event "*** Titled Tuesday Blitz"]
[Site "Chess.com"]
[Date "2019.02.05"]
[Round "2"]
[White "EugeneRougon"]
[Black "HanSchut"]
[Result "1-0"]
[WhiteElo "2574"]
[BlackElo "2296"]
[TimeControl "180+2"]
[EndTime "13:23:39 PST"]
[Termination "EugeneRougon won by resignation"]

1. e4 c5 2. Nf3 d6 3. d4 cxd4 4. Nxd4 Nf6 5. Nc3 a6 6. Be3 e5 7.
Nf3 Qc7 8. a4 Be6 9. Be2 Nbd7 10. O-O Be7 11. a5 Qc6 12. Ng5 Bc4 13. Ra4 Bxe2 14. Qxe2 Rc8 15. Rd1 h6 16. Nh3 O-O 17. f3 Rfd8 18. Nf2 Nc5 19. Rc4 Qe8 20. Nd5 Nxd5 21.
Rxd5 Ne6 22. Rxc8 Rxc8 23. c4 Qa4 24. c5 Nxc5 25. Bxc5 Rxc5 26. Rxc5 dxc5 27. Ng4 f6 28. Ne3 Qd4 29. Kf1 c4 30. Qxc4+ Qxc4+ 31. Nxc4 Kf7 32.
Ke2 Bb4 33. Kd3 Ke6 34. Kc2 g6 35. Kb3 Be1 36. Ka4 f5 37. b4 h5 38. b5 h4 39.
Ne3 Bf2 40. Nd5 h3 41. gxh3 Bg1 42. bxa6 bxa6 43. Nc7+ Kf6 44. Nxa6 Kg5 45. Kb5 Kf4 46. Nc5 Kxf3 47. a6 fxe4 48. a7 e3 49. a8=Q+ Kf2 50. Qe4 1-0

[Event "*** Titled Tuesday Blitz"]
[Site "Chess.com"]
[Date "2019.02.05"]
[Round "2"]
[White "yuki_chess123"]
[Black "HrvojeZagreb"]
[Result "1-0"]
[WhiteElo "1978"]
[BlackElo "2116"]
[TimeControl "180+2"]
[EndTime "13:23:40 PST"]
[Termination "yuki_chess123 won by resignation"]

1. e4 e6 2. d3 d5 3. Nd2 Nf6 4. Ngf3 c5 5. g3 Be7 6. Bg2 b5 7. O-O a5 8. Re1 Bb7 9. exd5 Bxd5 10. c4 Bb7 11. Ne5 Bxg2 12. Kxg2 b4 13. Qf3 Ra7 14. Ne4 O-O 15. Bf4 Nxe4 16. dxe4 Bf6 17. Rad1 Qc8 18.
b3 Bxe5 19. Bxe5 f6 20. Bd6 Rd8 21. e5 Rad7 22. Qg4 fxe5 23. Qxe6+ Rf7 24. Qxc8 Rxc8 25. Bxb8 Rxb8 26. Rxe5 Rc7 27. Rdd5 Rbc8 28. f4 g6 29. Kf3 Kf7 30. g4 a4 31. h4 h6 32. h5 gxh5 33. Rxh5 Kg7 34. Rd6 axb3 35. axb3 Rh8 36. f5 Ra7 37. Kf4 Ra3 38. Rd3 Rf8 39. Ke5 Ra6 40. Rd7+ Rf7 41. Rxf7+ Kxf7 42. Kd5 Ra3 43. Rh3 Kg7 44.
Kxc5 h5 45. gxh5 Kf6 46. h6 Ra8 47. h7 Rh8 48. Kxb4 Kxf5 49. c5 Kg6 50. Kc4 Kg7 51. b4 Rf8 52. h8=Q+ 1-0

[Event "*** Titled Tuesday Blitz"]
[Site "Chess.com"]
[Date "2019.02.05"]
[Round "2"]
[White "staz_staz"]
[Black "Gubajdullin"]
[Result "1/2-1/2"]
[WhiteElo "2353"]
[BlackElo "2477"]
[TimeControl "180+2"]
[EndTime "13:23:40 PST"]
[Termination "Game drawn - insufficient material"]

1. c4 g6 2. Nc3 Bg7 3. g3 e5 4. Bg2 Nc6 5. d3 d6 6. e4 Nge7 7. Nge2 O-O 8. O-O Nd4 9. Be3 Nec6 10. h3 Be6 11. f4 exf4 12. gxf4 f5 13. Nd5 Rf7 14. Rc1 Qh4 15. Qe1 Nxe2+ 16. Qxe2 fxe4 17. dxe4 Bxh3 18. c5 Nd4 19. Qf2 Qg4 20. Kh2 Bxg2 21. Qxg2 Qh5+ 22. Qh3 Qxh3+ 23. Kxh3 Re8 24. cxd6 cxd6 25.
Bxd4 Bxd4 26. Rfe1 Bxb2 27. Rc7 Rxc7 28. Nxc7 Rc8 29.
Nd5 Rc2 30. e5 dxe5 31. fxe5 Kf7 32. e6+ Ke8 33. Re3 Rd2 34. Nc7+ Ke7 35. Kg4 h5+ 36. Kg5 Rg2+ 37. Kh6 Bc1 38. Nd5+ Kd6 39. e7 Bxe3+ 40. Nxe3 Kxe7 41. Nxg2 Kf7 42. Kg5 b5 43. Nf4 a5 44.
Nxg6 Ke6 45. Kxh5 Kd5 46. Kg5 Kc4 47. Kf4 Kc3 48. Ke3 b4 49. Ne5 a4 50. Nd3 a3 51.
Nc1 Kc2 52. Nb3 Kb2 53. Kd3 Kxa2 54. Kc4 Kb2 55. Kxb4 a2 56. Ka4 a1=Q+ 57. Nxa1 1/2-1/2

[Event "*** Titled Tuesday Blitz"]
[Site "Chess.com"]
[Date "2019.02.05"]
[Round "2"]
[White "Bayernbk"]
[Black "ENEASZ"]
[Result "1-0"]
[WhiteElo "2424"]
[BlackElo "2378"]
[TimeControl "180+2"]
[EndTime "13:23:40 PST"]
[Termination "Bayernbk won by resignation"]

1. e4 d6 2. d4 Nf6 3. Bd3 e5 4. c3 Nc6 5. Nf3 Bg4 6. dxe5 Nxe5 7. Be2 Nxf3+ 8. Bxf3 Bxf3 9. Qxf3 Be7 10. O-O O-O 11. Nd2 Re8 12. Re1 c6 13. Nc4 b5 14. Ne3 Bf8 15.
Ng4 Nxg4 16. Qxg4 Qc8 17. Qxc8 Raxc8 18. Bf4 f6 19. Rad1 Re6 20. f3 Kf7 21. Kf1 g5 22. Be3 h5 23. Rd3 a5 24. Red1 a4 25. b3 axb3 26.
axb3 Ra8 27. c4 bxc4 28. bxc4 c5 29. h3 Ra4 30. Rc1 h4 31. Ke2 Re7 32. Rb3 Ra2+ 33. Kf1 Rea7 34. Rbc3 Rb2 35. R3c2 Rb3 36. Rc3 Rb4 37.
Bf2 Ra2 38. R3c2 Ra3 39. Rc3 Ra2 40. R3c2 Raa4 41. Be1 Rb7 42. Rd1 Be7 43. f4 Rb3 44. Ke2 Ke6 45. Rd3 Rb1 46. f5+ Kd7 47. Bf2 Kc6 48. Rd1 Rbb4 49. Rdc1 Bd8 50. g3 hxg3 51. Bxg3 Rb3 52. Rc3 Ra2+ 53. Kf3 Rbb2 54. Rd3 Be7 55.
Rcd1 Rc2 56. Bxd6 Rf2+ 57. Kg4 Bd8 58. Bg3 1-0

[Event "*** Titled Tuesday Blitz"]
[Site "Chess.com"]
[Date "2019.02.05"]
[Round "2"]
[White "CM_Perligero"]
[Black "nochewycandy"]
[Result "0-1"]
[WhiteElo "2221"]
[BlackElo "2304"]
[TimeControl "180+2"]
[EndTime "13:23:41 PST"]
[Termination "nochewycandy won by resignation"]

1. Nf3 Nf6 2. g3 g6 3. Bg2 Bg7 4. O-O O-O 5. d4 c6 6. c4 d6 7.
Qc2 Qa5 8. Nc3 Bf5 9. e4 Bg4 10.
Bd2 Bxf3 11. Bxf3 e5 12. d5 cxd5 13. Nxd5 Qd8 14. Bg5 Nc6 15. Bg2 Re8 16. Rad1 Re6 17. b4 Nd4 18. Qb2 Rb8 19. c5 a5 20. a3 Qf8 21.
Nc7 dxc5 22. Nxe6 Nxe6 23. bxa5 Nxg5 24. Qxe5 Nfxe4 25. Qf4 f5 26. h4 Ne6 27. Qc1 Nd4 28.
Qc4+ Qf7 29. Qd3 c4 30. Qe3 Rd8 31. Bxe4 fxe4 32. Qxe4 c3 33. Rc1 c2 34. Kh2 Qb3 35.
Qe7 Rf8 36. f4 Qd5 37. Kh3 Bf6 38. Qe3 Nf5 39. Qf2 Nd4 40. Qe3 Qf5+ 41. Kh2 Qxa5 42. Qf2 Qd5 43. Qe3 Kf7 44. Qf2 Re8 45. Rfe1 Rxe1 46.
Rxe1 Nf3+ 47. Kh3 Nxe1 48. Qxe1 Qe6+ 49. Qxe6+ Kxe6 50. Kg4 h5+ 51. Kf3 c1=Q 0-1

[Event "*** Titled Tuesday Blitz"]
[Site "Chess.com"]
[Date "2019.02.05"]
[Round "2"]
[White "StoreySniper"]
[Black "Caminator2000"]
[Result "0-1"]
[WhiteElo "2338"]
[BlackElo "2506"]
[TimeControl "180+2"]
[EndTime "13:23:42 PST"]
[Termination "Caminator2000 won by resignation"]

1. e4 e6 2. Nf3 d5 3. exd5 exd5 4.
d4 Bd6 5. Bd3 Nc6 6. c3 Nge7 7.
O-O Bg4 8. Bg5 f6 9. Bh4 Qd7 10.
Bg3 O-O-O 11. Nbd2 h5 12. Bxd6 Qxd6 13. b4 Kb8 14.
Nb3 Rde8 15. Nc5 g5 16. b5 Nd8 17. a4 Qf4 18. a5 Bxf3 19. Qxf3 Qxf3 20. gxf3 Rh6 21. Rfe1 Nf7 22. Re6 f5 23. Rae1 Rxe6 24. Rxe6 Nd6 25. Nd7+ Kc8 26. Nf6 Rf8 27. Nxh5 Kd7 28.
Rh6 b6 29. Nf6+ Kd8 30. a6 f4 31. Kg2 Ndf5 32. Bxf5 Nxf5 33. Nh7 Rh8 34. Nxg5 Nxh6 35. Ne6+ Ke7 36. Nxf4 Kd6 37. Nd3 Nf5 38. f4 Re8 39. Ne5 Rg8+ 40. Kf3 Ne7 41. Nf7+ Ke6 42. Ng5+ Kf5 43. h4 Rh8 44. Kg3 Ng6 45. Nf7 Rxh4 46.
Ne5 Rxf4 47. Nc6 Rg4+ 48. Kh2 Nf4 49. Nxa7 Rg2+ 50. Kh1 Kg4 51. Nc6 Rxf2 52. Kg1 Nh3+ 53. Kh1 Kg3 0-1

[Event "*** Titled Tuesday Blitz"]
[Site "Chess.com"]
[Date "2019.02.05"]
[Round "2"]
[White "r31415"]
[Black "Winehouse83"]
[Result "1-0"]
[WhiteElo "2308"]
[BlackElo "2456"]
[TimeControl "180+2"]
[EndTime "13:23:44 PST"]
[Termination "r31415 won on time"]

1. e4 e5 2. Nf3 Nc6 3. Bc4 Bc5 4. c3 Nf6 5. d3 O-O 6. Bb3 a5 7. O-O h6 8. Nxe5 Nxe5 9. d4 Nxe4 10. Re1 Qh4 11. g3 Nxf2 12. gxh4 Nxd1 13. Rxe5 d6 14. Re1 Nxb2 15. Bxb2 Bb6 16. Nd2 a4 17. Bc2 a3 18.
Bc1 Ba5 19. Re3 Be6 20. Bb3 Rae8 21. Nf3 Bxb3 22. axb3 Rxe3 23. Bxe3 Bxc3 24. Rxa3 Re8 25. Kf2 Kf8 26. Ra7 Rb8 27. Bd2 Bxd2 28. Nxd2 Ke7 29. d5 Kd7 30. Nc4 b5 31. Na5 Re8 32. Nc6 f5 33.
Rb7 g5 34. hxg5 hxg5 35. Rxb5 Rh8 36. Kg2 f4 37. Rb4 Re8 38. Kf2 Rh8 39. Kf3 Rg8 40. Kg4 Rf8 41. Re4 f3 42. Re1 f2 43. Rf1 Kc8 44. Kg3 Kb7 45. Rxf2 Ra8 46. Kg4 Ra3 47. Rf8 Rxb3 48. Na5+ 1-0

[Event "*** Titled Tuesday Blitz"]
[Site "Chess.com"]
[Date "2019.02.05"]
[Round "2"]
[White "indfraeng"]
[Black "Synctel"]
[Result "1/2-1/2"]
[WhiteElo "1984"]
[BlackElo "1892"]
[TimeControl "180+2"]
[EndTime "13:23:44 PST"]
[Termination "Game drawn by repetition"]

1. d4 Nf6 2. c4 e6 3. g3 Bb4+ 4.
Bd2 Qe7 5. Nf3 Nc6 6. Nc3 O-O 7. Bg2 d6 8. O-O Bxc3 9. Bxc3 e5 10. d5 Nb8 11.
Ng5 a5 12. Ne4 Nxe4 13. Bxe4 Bh3 14. Bg2 Bxg2 15. Kxg2 Nd7 16. f4 Rfe8 17. e4 exf4 18. Rxf4 Ne5 19. Bxe5 Qxe5 20. Qd2 a4 21. Raf1 f6 22.
a3 Ra6 23. Qb4 Rb6 24. Qxa4 Rxb2+ 25. Kh1 Rf8 26. Qd1 Ra8 27. Qg4 Ra2 28. Rxf6 Qb2 29.
R6f2 Qxf2 30. Rxf2 Rxf2 31. Kg1 Rf7 32. Qe6 h6 33. Kg2 b6 34. Kh3 Rxa3 35. Kg4 Rf3 36.
Qc8+ Kh7 37. Qe6 R3f6 38. Qd7 Rf2 39. h4 g6 40. Qe6 Kg7 41. h5 gxh5+ 42. Kxh5 Rh2+ 43.
Kg4 h5+ 44. Kg5 Rg2 45. Qg6+ Kf8 46. Qh6+ Ke7 47. Qe6+ Kf8 48. Qc8+ Kg7 49. Qh3 Rg1 50.
Kxh5 Kg8 51. Qc8+ Kg7 52. Kg4 Kh7 53. Qe6 Rg7+ 54. Kf3 R1xg3+ 55. Ke2 Rg2+ 56. Kd1 Rh2 57. Qf5+ Kh8 58. Qf8+ Kh7 59. Qf5+ Kh8 60. Qf8+ Kh7 61. Qf5+ Kh8 62. Qf8+ Kh7 1/2-1/2

[Event "*** Titled Tuesday Blitz"]
[Site "Chess.com"]
[Date "2019.02.05"]
[Round "2"]
[White "HouseOfDurin"]
[Black "Andrew-FB00"]
[Result "0-1"]
[WhiteElo "1902"]
[BlackElo "1869"]
[TimeControl "180+2"]
[EndTime "13:23:45 PST"]
[Termination "Andrew-FB00 won by resignation"]

1. d4 Nf6 2. Bg5 e6 3. e4 h6 4.
Bxf6 Qxf6 5. e5 Qg6 6. Qd3 Qxd3 7. Bxd3 d6 8. Nc3 dxe5 9. dxe5 Nc6 10. f4 Bb4 11. Ne2 O-O 12. O-O-O b6 13. Be4 Bb7 14.
Rd7 Rac8 15. Nb5 a6 16. Nxc7 Rfd8 17. Rhd1 Rxd7 18. Rxd7 Ba8 19. Bf3 Nb8 20. Bxa8 Nxd7 21. Nxa6 Rxa8 22. Nxb4 Nc5 23. Nc3 Na6 24. Nxa6 Rxa6 25.
a3 Kf8 26. a4 Ke7 27. b3 Ra8 28. Nb5 Rc8 29. Kd2 Rc5 30. Kd3 f6 31. b4 Rd5+ 32. Ke4 Rd2 33. Nd4 Rxg2 34. a5 bxa5 35. bxa5 f5+ 36.
Ke3 Rg1 37. c4 Ra1 38. Nb3 Ra3 39. Kd4 Rxb3 40. Kc5 Kd7 41. a6 Ra3 42. Kb6 g5 43.
fxg5 hxg5 44. c5 Rxa6+ 45. Kxa6 Kc6 46. h4 gxh4 0-1

[Event "*** Titled Tuesday Blitz"]
[Site "Chess.com"]
[Date "2019.02.05"]
[Round "2"]
[White "ChristopherYoo"]
[Black "NMJeevanK"]
[Result "1-0"]
[WhiteElo "2649"]
[BlackElo "2324"]
[TimeControl "180+2"]
[EndTime "13:23:46 PST"]
[Termination "ChristopherYoo won by resignation"]

1. e4 e5 2. Nf3 Nc6 3. Bc4 Bc5 4. O-O d6 5. h3 h6 6. c3 Na5 7. Bb5+ c6 8. Be2 Nf6 9. b4 Nxe4 10. bxc5 Nxc5 11. d4 exd4 12. cxd4 Ne4 13. d5 O-O 14. Bb2 c5 15. Nc3 Nf6 16. Re1 a6 17. a4 Bf5 18.
Bd3 Qd7 19. Nh4 Bxh3 20. gxh3 Qxh3 21. Nf3 Nh5 22. Nh2 Nf4 23. Bf1 Qf5 24. Re3 Rae8 25. Rg3 Ng6 26. Bd3 Qf4 27. Rg4 Qf6 28. Rb1 Ne5 29. Ne4 Qd8 30. Rf4 f5 31. Ng3 Qg5 32. Bxe5 Rxe5 33. Qf3 Rfe8 34. Bxf5 Qe7 35. Be6+ Kh8 36.
Rf7 Qd8 37. Ng4 Rg5 38. Nf5 Nc4 39. Rbxb7 Ne5 40. Qh3 Rxg4+ 41. Ng3 Nxf7 42. Qxg4 Ng5 43. Nh5 Re7 44. Rxe7 Qxe7 45. Qf5 Nxe6 46. dxe6 Kg8 47. Nf4 Qf8 48. Qd5 Kh7 49. Qe4+ Kg8 50. e7 Qe8 51. Qe6+ Kh7 52. Qxd6 c4 53. Qd8 Qxa4 54. e8=Q 1-0

[Event "*** Titled Tuesday Blitz"]
[Site "Chess.com"]
[Date "2019.02.05"]
[Round "2"]
[White "ruvat"]
[Black "Bauxi435"]
[Result "1-0"]
[WhiteElo "2302"]
[BlackElo "2441"]
[TimeControl "180+2"]
[EndTime "13:23:46 PST"]
[Termination "ruvat won by checkmate"]

1. d4 Nf6 2. c4 e6 3. g3 d5 4. Nf3 dxc4 5. Bg2 Bd7 6. Ne5 Bc6 7. Nxc6 Nxc6 8. e3 Qd7 9. Nd2 c3 10. bxc3 Be7 11. O-O O-O 12. Qa4 Nd5 13. Bb2 b5 14. Qc2 Na5 15. c4 bxc4 16. Nxc4 Nxc4 17. Qxc4 Rab8 18. Rab1 Rb4 19. Qc2 Rfb8 20. Ba1 c5 21. dxc5 Rxb1 22. Rxb1 Rc8 23. Bd4 Qc7 24. Rc1 Nb4 25.
Qb3 Rb8 26. Qc4 Nc6 27. Bc3 Bf8 28. Qe4 Ne7 29. c6 Nd5 30. Be5 Bd6 31. Bxd6 Qxd6 32.
Qd4 Qa3 33. Qc5 Qxc5 34. Rxc5 Rb1+ 35. Bf1 Nc7 36. Kg2 Kf8 37. Ra5 a6 38. Bxa6 Rb6 39. Bb7 Ke7 40. Ra3 Rb2 41. g4 Kd6 42. Rd3+ Ke5 43.
Rd7 Nd5 44. Kf3 Rc2 45. Rxf7 Rxa2 46. Rxg7 Rc2 47. Rxh7 Nf6 48. Rf7 Ne4 49. Kg2 Nd6 50.
Rd7 Ne4 51. c7 Rxf2+ 52. Kg1 Rf8 53. Rd8 Rf7 54. c8=Q Nf6 55. Qc3# 1-0

[Event "*** Titled Tuesday Blitz"]
[Site "Chess.com"]
[Date "2019.02.05"]
[Round "2"]
[White "StephenDedalus83"]
[Black "hurricane7791"]
[Result "1/2-1/2"]
[WhiteElo "2717"]
[BlackElo "2681"]
[TimeControl "180+2"]
[EndTime "13:23:47 PST"]
[Termination "Game drawn by agreement"]

1. e4 c5 2. Nf3 d6 3. d4 cxd4 4. Nxd4 Nf6 5. Nc3 a6 6. g3 e5 7.
Nde2 Be7 8. Bg2 b5 9. Nd5 Bb7 10. Nec3 Nbd7 11. O-O Rc8 12. a4 bxa4 13. Rxa4 O-O 14.
Be3 Nc5 15. Bxc5 Rxc5 16. Nxf6+ Bxf6 17. Qd3 Qb6 18. Ra3 Qc7 19. Rd1 Be7 20. Rb3 Rc8 21. Bh3 Rd8 22. Ra1 Bf8 23. Bf1 Rc8 24. Qf3 Ra8 25.
Bd3 g6 26. Qe2 a5 27. Nb5 Qd7 28. c4 Bc6 29. Rba3 Qd8 30. b4 axb4 31. Rxa8 Bxa8 32.
Qb2 Bc6 33. Qxb4 d5 34. Qb3 dxe4 35. Bf1 Qb6 36. Qe3 f5 37. Rd1 Be7 38. Nc3 Qb4 39.
Nd5 Bxd5 40. Rxd5 Rxd5 41. cxd5 Bc5 42. Qe2 Qd4 43. Kg2 Qxd5 44. Qc4 Qxc4 45. Bxc4+ Kg7 46. Bd5 Kf6 47. Ba8 h6 48. h3 g5 49. g4 Bb6 50. Bb7 h5 51. gxf5 Kxf5 52. Kg3 h4+ 53. Kg2 Kf4 54. Bc8 e3 55. fxe3+ Bxe3 56. Bg4 Bc5 57.
Kf1 Ke3 58. Bh5 e4 59. Bg4 Bd6 60. Bh5 Kf4 61. Kg2 Ke3 62. Bg4 Kd2 63. Kf1 Bg3 64.
Bh5 Be5 65. Bg4 Ke3 66. Bh5 Kf4 67. Kg2 e3 68. Bg4 Bc3 69. Be2 Bd2 1/2-1/2